Map: 썬더버드 - 래더

Players

PtitDrogo

  • Race: Protoss Protoss
  • League: Master
  • Spawn Location: 5:00

herO - Winner!

  • Race: Protoss Protoss
  • League: Master
  • Spawn Location: 11:00

Event: 2019 Assembly Summer

VOD

Have the link to the VOD?

Description

Time

  • Played on: Aug. 1, 2019, 6:49 a.m.
  • Length: 5:20

All games in this series

Show
View Real Time Build Order
Export as new Build Order

PtitDrogo Protoss 

Build Orders:  

Get SALT Encoding   

  12  0:00  Probe  
  13  0:12  Probe  
  14  0:17  Pylon  
  14  0:24  Probe  
  15  0:33  Probe  
  15  0:35  Gateway  
  15  0:41  Probe  
  16  0:46  Assimilator  
  17  0:51  Probe  
  17  0:55  Assimilator  
  18  0:59  Probe  
  19  1:07  Gateway, Probe  
  19  1:17  Probe  
  20  1:22  Cybernetics Core  
  21  1:29  Probe  
  22  1:33  Pylon  
  22  1:41  Probe  
  22  1:46  Warp Gate  
  23  1:54  Probe  
  24  2:00  Sentry, Stalker  
  28  2:10  Probe  
  28  2:11  Pylon  
  29  2:23  Pylon  
  29  2:25  Probe  
  30  2:36  Sentry  
  32  2:40  Sentry  
  34  2:45  Nexus  
  34  2:47  Probe  
  35  2:59  Probe  
  35  3:03  Pylon  
  36  3:11  Forge  
  36  3:12  Probe  
  37  3:25  Shield Battery  
  37  3:27  Gateway  
  38  3:36  Stalker  
  38  3:38  Stalker  
  41  3:42  Probe  
  41  3:47  Shield Battery  
  42  4:00  Stalker  
  44  4:03  Probe  
  44  4:04  Pylon  
  44  4:05  Probe  
  44  4:08  Stalker  
  48  4:20  Probe  
  48  4:22  Stalker  
  48  4:26  Sentry  
  47  4:36  Sentry  
  46  4:45  Probe  
  45  4:52  Adept x2, Probe  
  44  5:02  Sentry  
Show
View Real Time Build Order
Export as new Build Order

herO Protoss - Winner!

Build Orders: Oracle Opening 

Get SALT Encoding   

  12  0:00  Probe  
  13  0:12  Probe  
  14  0:17  Pylon  
  14  0:24  Probe  
  15  0:32  Probe  
  15  0:36  Gateway  
  15  0:40  Probe  
  16  0:45  Assimilator  
  17  0:51  Probe  
  17  0:53  Assimilator  
  18  0:59  Probe  
  19  1:06  Gateway  
  19  1:07  Probe  
  19  1:17  Probe  
  20  1:23  Cybernetics Core  
  21  1:29  Probe  
  22  1:34  Pylon  
  22  1:41  Probe  
  23  1:53  Probe  
  24  1:59  Warp Gate, Sentry, Stalker  
  28  2:07  Pylon  
  32  2:34  Adept x2  
  32  2:36  Stargate  
  32  2:51  Nexus  
  32  2:57  Shield Battery  
  32  3:03  Probe  
  33  3:10  Oracle, Pylon  
  33  3:15  Probe  
  37  3:27  Probe  
  38  3:37  Oracle  
  38  3:39  Probe  
  42  3:50  Adept x2  
  46  4:01  Gateway  
  46  4:10  Shield Battery  
  46  4:11  Void Ray  
  50  4:30  Probe x2  
  52  4:39  Stalker x2  
  54  4:59  Shield Battery  
  58  5:00  Pylon  
  59  5:08  Adept  
  59  5:10  Adept  
Tags
 
Add a new tag
Caveats
  • Supply blocks, unpowered buildings, or Contaminate may cause inaccurate times.
  • Supply counts are checked every 10 seconds.